 Dungeon Crawl Stone Soup version 0.20.0-8-g6b59dc7 (webtiles) character file.

20897 Rrauwl the Bludgeoner (level 12, -2/112 HPs)
             Began as a Minotaur Berserker on June 2, 2017.
             Was a High Priest of Trog.
             Slain by a blink frog (6 damage)
             ... on level 2 of the Lair of Beasts.
             The game lasted 00:41:27 (11613 turns).

Rrauwl the Bludgeoner (Minotaur Berserker)         Turns: 11613, Time: 00:41:27

Health: -2/112     AC: 15    Str: 22    XL:     12   Next: 49%
Magic:  3/3        EV: 14    Int:  5    God:    Trog [*****.]
Gold:   776        SH:  0    Dex: 14    Spells: 11/11 levels left

rFire    + + .     SeeInvis .   a - +3 great mace (antimagic)
rCold    + . .     Gourm    .   (shield currently unavailable)
rNeg     . . .     Faith    +   r - +2 scale mail {rF+}
rPois    .         Spirit   .   H - +1 hat
rElec    .         Reflect  .   B - +0 cloak
rCorr    .         Harm     .   f - +0 pair of gloves
MR       .....                  (no boots)
Stlth    ..........             s - amulet of faith
Regen    0.3/turn               I - ring of protection from fire
MPRegen  0.1/turn               J - ring of protection from cold

@: lethally poisoned (-2 -> -3)
A: retaliatory headbutt, horns 2, yellow scales 1, evolution 1
a: Berserk, Trog's Hand, Brothers in Arms, Burn Spellbooks, Renounce Religion


You were on level 2 of the Lair of Beasts.
You worshipped Trog.
Trog was extremely pleased with you.
You were hungry.

You visited 3 branches of the dungeon, and saw 15 of its levels.

You collected 1056 gold pieces.
You spent 280 gold pieces at shops.

Inventory:

Hand Weapons
 a - a +3 antimagic great mace (weapon)
Missiles
 o - 104 bolts
 y - 7 exploding tomahawks (quivered)
Armour
 f - a +0 pair of gloves (worn)
 r - a +2 scale mail of fire resistance (worn)
 B - a +0 cloak (worn)
 H - a +1 hat (worn)
Jewellery
 l - an uncursed ring of protection from magic
 s - an amulet of faith (around neck)
 t - an uncursed ring of protection from magic
 I - a ring of protection from fire (left hand)
 J - a ring of protection from cold (right hand)
Wands
 u - a wand of disintegration (7/24)
 C - a wand of digging (9/24)
 D - a wand of iceblast (9/15)
 E - a wand of lightning (6/15)
Scrolls
 b - 5 scrolls of teleportation
 d - 3 scrolls of remove curse
 j - 3 scrolls of identify
 k - a scroll of fear
 m - 4 scrolls of enchant weapon
 A - 2 scrolls of magic mapping
Potions
 e - a potion of mutation
 n - 7 potions of curing
 p - a potion of heal wounds
 q - 4 potions of haste
 G - a potion of flight
Miscellaneous
 L - a phial of floods
Comestibles
 c - 7 bread rations
 g - a meat ration
 h - 10 chunks of flesh
 i - 2 fruits


   Skills:
 - Level 12.0 Fighting
 + Level 18.8 Maces & Flails
 - Level 6.0 Armour
 - Level 7.0 Dodging


You had 11 spell levels left.
You didn't know any spells.

Dungeon Overview and Level Annotations

Branches:
Dungeon (12/15)            Temple (1/1) D:7            Lair (2/6) D:9
    Orc (0/2) D:9
  Swamp: Lair:2-4    Shoals: Lair:2-4     Snake: Lair:2-4    Spider: Lair:2-4

Altars:
Ashenzari
Cheibriados
Dithmenos
Elyvilon
Fedhas
Gozag
Hepliaklqana
Kikubaaqudgha
Makhleb
Nemelex Xobeh
Okawaru
Qazlal
Ru
Sif Muna
Trog
Uskayaw
Vehumet
Xom
Yredelemnul
Zin
The Shining One

Shops:
D:6 :   D:7 =[!([

Portals:
Trove: D:11 (give manual of Evocations)

Annotations:
D:5 2 transporters


Innate Abilities, Weirdness & Mutations

You reflexively headbutt those who attack you in melee.
You have a pair of horns on your head.
You are partially covered in yellow scales. (AC +2)
You evolve.


Message History

Something hits your ogre! The blink frog hits you!
* * * LOW HITPOINT WARNING * * *
Unknown command.
You miss the blink frog. You headbutt the blink frog.
The blink frog is heavily wounded.
The blink frog hits your ogre!
Your ogre hits the blink frog with a giant club!
The blink frog hits your ogre.
Unknown command.
You barely miss the blink frog.
The blink frog is heavily wounded.
You feel yourself speed up.
You feel sick.
Your ogre closely misses the blink frog.
The blink frog hits you!
* * * LOW HITPOINT WARNING * * *
The blink frog hits your ogre!
The blink frog blinks!
The blink frog hits you!
* * * LOW HITPOINT WARNING * * *
The blink frog hits you.
You die...

##........#
#.........#
##.K...F.F######
#..............# ..
...............# ...
.........§#.#### ...
.........F.## ...
##........###### .#.
#...####.§#@##.### ##
##.. #...FF)..#.# #
#..####..O....÷## #
#..P##...#.##P## #
##...###.§.##### ##
#....# #....####
.#####...####..###..#
###.##.....##.......##
.....................#


You could see 2 blink frogs and a friendly ogre (berserk).

Vanquished Creatures
  Gastronok (D:11)
  The ghost of dricus the Bludgeoner, a journeyman GrGl of Makhleb (Lair:2)
  A hydra (D:11)
  5 two-headed ogres
  Sonja (Lair:2)
  A cyclops (D:12)
  A black mamba (Lair:2)
  2 spiny frogs
  A centaur skeleton (D:12)
  3 trolls
  A hornet (D:11)
  Grinder (D:3)
  5 hippogriffs
  2 shadows
  15 yaks
  A hungry ghost (D:9)
  A wyvern (D:12)
  A steam dragon (D:12)
  Edmund (D:5)
  2 two-headed ogre zombies (D:9)
  2 wargs (D:9)
  A soldier ant (D:10)
  4 water moccasins
  An acid dragon (D:11)
  2 porcupines
  6 orc warriors
  A phantom (D:9)
  3 sky beasts
  3 ice beasts
  The ghost of Fv001 the Grave Robber, an amateur DDNe (D:3)
  7 ogres
  10 centaurs
  2 crocodiles
  A big kobold (D:12)
  6 bullfrogs
  A wyvern skeleton (D:12)
  A troll zombie (D:9)
  3 scorpions
  10 killer bees
  4 howler monkeys
  3 crimson imps
  A quasit (D:7)
  3 jellies
  5 hounds
  13 orc priests
  2 bullfrog skeletons
  5 iguanas
  Terence (D:3)
  10 orc wizards
  17 worker ants
  4 ogre zombies (D:9)
  A hound zombie (D:9)
  A hound skeleton (D:5)
  A worker ant zombie (D:11)
  A howler monkey skeleton (D:7)
  11 adders
  10 gnolls
  8 shadow imps
  An ooze (D:3)
  An adder skeleton (D:4)
  An adder zombie (D:7)
  3 worms
  2 leopard geckos
  50 orcs
  5 bats
  4 giant cockroaches
  8 goblins
  7 hobgoblins
  11 jackals
  10 kobolds
  5 quokkas
  2 ball pythons
  8 frilled lizards
  A goblin skeleton (D:9)
  5 goblin zombies (D:9)
  A hobgoblin skeleton (D:9)
  A jackal zombie (D:5)
  4 orc skeletons
  14 orc zombies (D:9)
  2 quokka zombies (D:5)
  6 rats
365 creatures vanquished.

Vanquished Creatures (collateral kills)
  A rime drake (Lair:2)
  A blink frog (Lair:2)
2 creatures vanquished.

Grand Total: 367 creatures vanquished

Notes
Turn   | Place    | Note
-------+----------+-------------------------------------------
     0 | D:1      | Rrauwl the Minotaur Berserker began the quest for the Orb.
     0 | D:1      | Reached XP level 1. HP: 19/19 MP: 0/0
   360 | D:1      | Reached XP level 2. HP: 27/27 MP: 1/1
   391 | D:1      | Reached skill level 4 in Maces & Flails
   828 | D:2      | Reached XP level 3. HP: 33/33 MP: 2/2
   843 | D:2      | Reached ** piety under Trog
  1083 | D:2      | Found a sacrificial altar of Ru.
  1280 | D:3      | Reached XP level 4. HP: 37/41 MP: 3/3
  1311 | D:3      | Noticed Grinder
  1312 | D:3      | Paralysed by Grinder for 6 turns
  1322 | D:3      | Paralysed by Grinder for 3 turns
  1326 | D:3      | Killed Grinder
  1326 | D:3      | Reached skill level 5 in Fighting
  1326 | D:3      | Reached skill level 5 in Maces & Flails
  1326 | D:3      | Reached XP level 5. HP: 47/48 MP: 4/4
  1346 | D:3      | HP: 2/48 [poisoned by a kobold]
  1702 | D:3      | Reached XP level 6. HP: 53/56 MP: 5/5
  1822 | D:3      | Reached skill level 6 in Maces & Flails
  1916 | D:3      | Noticed Fv001's ghost (amateur DDNe)
  1919 | D:3      | Killed Fv001's ghost
  2005 | D:3      | Noticed Terence
  2013 | D:3      | Killed Terence
  2013 | D:3      | Reached skill level 5 in Armour
  2355 | D:4      | Reached XP level 7. HP: 53/64 MP: 6/6
  2457 | D:4      | Found a bloodstained altar of Trog.
  2479 | D:4      | Reached *** piety under Trog
  2668 | D:4      | Reached skill level 7 in Maces & Flails
  2856 | D:5      | Entered Level 5 of the Dungeon
  3106 | D:5      | Reached skill level 8 in Maces & Flails
  3144 | D:5      | Found a transporter.
  3159 | D:5      | Found a transporter.
  3218 | D:5      | Reached XP level 8. HP: 73/73 MP: 7/7
  3279 | D:5      | Noticed Edmund
  3292 | D:5      | Killed Edmund
  3292 | D:5      | Reached skill level 9 in Maces & Flails
  3431 | D:5      | Reached **** piety under Trog
  3508 | D:5      | Found a deep blue altar of Sif Muna.
  3652 | D:5      | Reached skill level 10 in Maces & Flails
  3867 | D:6      | Gained mutation: You are weak. (Str -2) [potion of mutation]
  3867 | D:6      | Gained mutation: You expend magic power (3 MP) to strengthen your wands. [potion of mutation]
  3867 | D:6      | Gained mutation: You are partially covered in large bone plates. (SH +4) [potion of mutation]
  3867 | D:6      | Gained mutation: You evolve. [potion of mutation]
  3908 | D:6      | Reached skill level 11 in Maces & Flails
  4076 | D:6      | Found Hiutef's Book Shoppe.
  4332 | D:6      | Found a basalt altar of Yredelemnul.
  4332 | D:6      | Found a shadowy altar of Dithmenos.
  4378 | D:7      | Found Ofobev's Armour Shoppe.
  4389 | D:7      | Reached XP level 9. HP: 42/79 MP: 8/8
  4675 | D:7      | Reached skill level 12 in Maces & Flails
  4838 | D:7      | Found Urel's Jewellery Boutique.
  4877 | D:7      | Gained mutation: You tend to lose your temper in combat. [mutagenic meat]
  4878 | D:7      | Lost mutation: You are partially covered in large bone plates. (SH +4) [mutagenic meat]
  4879 | D:7      | Gained mutation: You are resistant to hostile enchantments. (MR+) [mutagenic meat]
  4881 | D:7      | Gained mutation: Your mind is acute. (Int +2) [mutagenic meat]
  4908 | D:7      | Found Xogroax's Weapon Shop.
  4926 | D:7      | Lost mutation: You tend to lose your temper in combat. [evolution]
  4926 | D:7      | Lost mutation: You evolve. [end of evolution]
  4957 | D:7      | Reached ***** piety under Trog
  4957 | D:7      | Reached skill level 13 in Maces & Flails
  5021 | D:7      | Found Eskuj's Armour Emporium.
  5078 | D:7      | Found a staircase to the Ecumenical Temple.
  5124 | Temple   | Entered the Ecumenical Temple
  5311 | D:7      | Found Gavuk's Distillery.
  5315 | D:7      | Bought a potion of haste for 140 gold pieces
  5315 | D:7      | Bought 2 potions of degeneration for 28 gold pieces
  5315 | D:7      | Bought a potion of mutation for 112 gold pieces
  5318 | D:7      | Lost mutation: You expend magic power (3 MP) to strengthen your wands. [potion of mutation]
  5318 | D:7      | Lost mutation: You are resistant to hostile enchantments. (MR+) [potion of mutation]
  5318 | D:7      | Lost mutation: You are weak. (Str -2) [potion of mutation]
  5318 | D:7      | Lost mutation: Your mind is acute. (Int +2) [potion of mutation]
  5318 | D:7      | Gained mutation: You are partially covered in yellow scales. (AC +2) [potion of mutation]
  5318 | D:7      | Gained mutation: Your mind is acute. (Int +2) [potion of mutation]
  5318 | D:7      | Gained mutation: Your spells are a little easier to cast, but a little less powerful. [potion of mutation]
  5318 | D:7      | Gained mutation: Your muscles are strong. (Str +2) [potion of mutation]
  5694 | D:8      | Reached skill level 14 in Maces & Flails
  6088 | D:8      | Noticed a two-headed ogre
  6094 | D:8      | Killed a two-headed ogre
  6094 | D:8      | Reached skill level 15 in Maces & Flails
  6094 | D:8      | Reached XP level 10. HP: 86/86 MP: 9/9
  6362 | D:9      | Noticed a two-headed ogre
  6367 | D:9      | Killed a two-headed ogre
  6613 | D:9      | Received a gift from Trog
  6674 | D:9      | Found a staircase to the Orcish Mines.
  6961 | D:9      | Found a staircase to the Lair.
  6974 | D:9      | Reached skill level 5 in Dodging
  7066 | D:9      | Found an ancient bone altar of Kikubaaqudgha.
  7090 | D:9      | Found an iron altar of Okawaru.
  7375 | D:10     | Entered Level 10 of the Dungeon
  7377 | D:10     | Received a gift from Trog
  7694 | D:10     | Reached skill level 10 in Fighting
  7823 | D:10     | Reached XP level 11. HP: 98/99 MP: 3/10
  8416 | D:11     | Noticed a two-headed ogre
  8424 | D:11     | Killed a two-headed ogre
  8905 | D:11     | Noticed Gastronok
  8916 | D:11     | Killed Gastronok
  8995 | D:11     | Reached skill level 16 in Maces & Flails
  9036 | D:11     | Found a portal to a secret trove of treasure.
  9224 | D:11     | Noticed an eight-headed hydra
  9232 | D:11     | Killed an eight-headed hydra
  9381 | D:11     | Received a gift from Trog
  9549 | D:12     | Noticed a two-headed ogre
  9557 | D:12     | Killed a two-headed ogre
  9609 | D:12     | Reached skill level 17 in Maces & Flails
  9623 | D:12     | Noticed a two-headed ogre
  9629 | D:12     | Killed a two-headed ogre
  9697 | D:12     | Reached XP level 12. HP: 79/112 MP: 3/11
 10096 | D:12     | Lost mutation: Your spells are a little easier to cast, but a little less powerful. [potion of mutation]
 10096 | D:12     | Lost mutation: Your muscles are strong. (Str +2) [potion of mutation]
 10096 | D:12     | Lost mutation: Your mind is acute. (Int +2) [potion of mutation]
 10096 | D:12     | Gained mutation: You evolve. [potion of mutation]
 10260 | Lair:1   | Entered Level 1 of the Lair of Beasts
 11209 | Lair:1   | Reached skill level 18 in Maces & Flails
 11322 | Lair:2   | Noticed dricus's ghost (journeyman GrGl)
 11344 | Lair:2   | Killed dricus's ghost
 11502 | Lair:2   | Received a gift from Trog
 11599 | Lair:2   | Noticed Sonja
 11608 | Lair:2   | Killed Sonja
 11613 | Lair:2   | HP: 4/112 [blink frog (11)]
 11613 | Lair:2   | Slain by a blink frog

Skill      XL: |  1  2  3  4  5  6  7  8  9 10 11 12 |
---------------+-------------------------------------+-----
Maces & Flails | 4 5 6 8 11 15 17 18 | 18.8
Fighting       | 4 5 6 7 10 12 | 12.0
Armour         | 3 4 5 6 |  6.0
Dodging        | 6 7 |  7.0

Action                   |  1- 3 |  4- 6 |  7- 9 | 10-12 || total
-------------------------+-------+-------+-------+-------++-------
Melee: Mace              |    69 |    76 |   101 |       ||   246
       Headbutt          |    12 |    17 |    53 |    99 ||   181
       Flail             |       |       |   193 |   162 ||   355
       Great mace        |       |       |       |   268 ||   268
Throw: Tomahawk          |       |       |     1 |       ||     1
Invok: Berserk           |       |     3 |     1 |     5 ||     9
       Trog's Hand       |       |     2 |       |     1 ||     3
       Burn Spellbooks   |       |       |     2 |       ||     2
       Brothers in Arms  |       |       |       |     2 ||     2
Evoke: Wand              |       |       |       |     2 ||     2
  Use: Potion            |       |     1 |     8 |     5 ||    14
       Scroll            |       |     2 |    12 |     8 ||    22
 Stab: Sleeping          |     1 |       |       |       ||     1
  Eat: Chunk             |     1 |     5 |    18 |    14 ||    38
       Fruit             |       |     2 |       |     7 ||     9
       Royal jelly       |       |       |       |     2 ||     2
Armor: Animal skin       |    11 |     9 |       |       ||    20
       Scale mail        |       |    10 |    92 |   128 ||   230
Dodge: Dodged            |    46 |    43 |   121 |   247 ||   457
Block: Other             |       |       |     6 |       ||     6
